 Dungeon Crawl Stone Soup version 0.31-a0-574-g69dc8cc98e (webtiles) character file.

Game seed: 9017392062263187643

58188 BroadwayShuffle the Tortoise (level 14, -18/133 HPs)
             Began as a Minotaur Berserker on Aug 18, 2023.
             Was a Priest of Trog.
             Killed from afar by a spriggan druid (21 damage)
             ... with a stone arrow
             ... on level 1 of the Swamp.
             The game lasted 01:26:46 (18514 turns).

BroadwayShuffle the Tortoise (Minotaur Berserker)  Turns: 18514, Time: 01:26:47

Health: -18/133    AC: 25    Str: 29    XL:     14   Next: 48%
Magic:  13/13      EV: 11    Int:  4    God:    Trog [***...]
Gold:   698        SH:  6    Dex: 11    Spells: 13/13 levels left

rFire   + . .        m - +3 spear "Iseaceq" {freeze, Str+3}
rCold   . . .        S - +0 buckler
rNeg    . . .        P - +4 plate armour
rPois   .            B - +1 hat {Stlth+}
rElec   .            K - +0 cloak
rCorr   .            T - +1 pair of gloves
SInv    +            G - +0 pair of boots
Will    +++..        R - amulet of regeneration Stlth
                     b - ring of see invisible
HPRegen 2.22/turn    j - ring of protection from fire
MPRegen 0.13/turn

%: no passive effects
@: strong-willed, corroded, on berserk cooldown, regenerating, slowed, studying
Maces & Flails, very slow
A: horns 2, retaliatory headbutt
a: Renounce Religion, Berserk, Trog's Hand


You were on level 1 of the Swamp.
You worshipped Trog.
Trog was most pleased with you.
You visited 4 branches of the dungeon, and saw 18 of its levels.
You also visited: Sewer.

You collected 1440 gold pieces.
You spent 742 gold pieces at shops.

Inventory:

Hand Weapons
 a - a +0 battleaxe of electrocution
 m - the +3 spear "Iseaceq" (weapon) {freeze, Str+3}
   (You found it on level 3 of the Dungeon)

   Str+3:     It affects your strength (+3).
Missiles
 h - 2 throwing nets
Armour
 B - a +1 hat of stealth (worn)
 G - a +0 pair of boots (worn)
 K - a +0 cloak (worn)
 P - a +4 plate armour (worn)
 S - a +0 buckler (worn)
 T - a +1 pair of gloves (worn)
Jewellery
 b - a ring of see invisible (left hand)
 e - a ring of ice
 j - a ring of protection from fire (right hand)
 s - an amulet of reflection
 u - a +6 ring of dexterity
 R - an amulet of regeneration (around neck)
Wands
 i - a wand of mindburst (3)
 r - a wand of quicksilver (31)
 y - a wand of iceblast (36)
 C - a wand of flame (40)
Scrolls
 d - 6 scrolls of teleportation
 f - 6 scrolls of vulnerability
 n - 2 scrolls of revelation {unknown}
 o - a scroll of immolation {unknown}
 p - a scroll of blinking {unknown}
 q - 6 scrolls of fog
 x - 4 scrolls of poison
 F - 2 scrolls of acquirement {unknown}
 H - a scroll of amnesia {unknown}
 J - a scroll of butterflies {unknown}
 M - a scroll of torment {unknown}
 N - a scroll of brand weapon {unknown}
 Q - a scroll of silence {unknown}
Potions
 c - 2 potions of haste
 g - 2 potions of lignification
 k - a potion of might {unknown}
 l - 7 potions of mutation
 t - 3 potions of berserk rage
 v - 5 potions of brilliance
 w - a potion of magic {unknown}
 A - a potion of invisibility {unknown}
 D - a potion of resistance {unknown}
 E - 2 potions of enlightenment
 I - 2 potions of heal wounds
Miscellaneous
 O - a sack of spiders (inert) (quivered)


   Skills:
 + Level 14.3 Fighting
 * Level 16.0 Polearms
 + Level 17.5 Armour
 + Level 8.4 Dodging
 + Level 2.4 Stealth
 + Level 10.9 Shields


You had 13 spell levels left.
You didn't know any spells.
Your spell library was empty.

Dungeon Overview and Level Annotations

Branches:
Dungeon (14/15)            Temple (0/1) D:6            Lair (2/5) D:9
  Swamp (1/4) Lair:2        Snake (1/4) Lair:2          Orc (0/2) D:12
 Vaults (0/5) D:14          Sewer (visited)

Altars:
Elyvilon
Gozag
Nemelex Xobeh
Trog
Uskayaw
Wu Jian
The Shining One

Shops:
D:1 *   D:6 :   Snake:1 [


Innate Abilities, Weirdness & Mutations

You have a pair of horns on your head.
You reflexively headbutt those who attack you in melee.


Message History

The tyrant leech draws strength from your injuries!
The goliath frog hits you but does no damage.
The alligator bites you! You block the alligator's attack.
The swamp dragon puts on a burst of speed as it pursues you!
The tyrant leech bites you but does no damage.
The goliath frog hits you from afar. The acid corrodes you!
You are splashed with acid!
The alligator bites you.
The alligator tail-slaps you but does no damage.
You block the tyrant leech's attack. The goliath frog hits you from afar!
You are splashed with acid!
The spriggan druid misses you.
The alligator puts on a burst of speed as it pursues you!
The swamp worm fires a harpoon shot at you.
The harpoon shot hits you!
* * * LOW HITPOINT WARNING * * *
You are yanked forward by the harpoon shot.
You violently stop moving!
The spriggan druid casts a spell at you.
The stone arrow hits you!
* * * LOW HITPOINT WARNING * * *
The seven-headed hydra puts on a burst of speed as it pursues you!
You block the alligator's attack.
The alligator tail-slaps you but does no damage.
You block the goliath frog's attack.
The tyrant leech bites you but does no damage.
There is a staircase back to the Lair here.
Tree limbs sway around you. The alligator bites you!!
* * * LOW HITPOINT WARNING * * *
You block the alligator's attack. The goliath frog closely misses you.
The seven-headed hydra bites you but does no damage. x3
The seven-headed hydra bites you!
* * * LOW HITPOINT WARNING * * *
The seven-headed hydra bites you but does no damage.
The seven-headed hydra barely misses you.
The seven-headed hydra bites you.
* * * LOW HITPOINT WARNING * * *
The spriggan druid gestures at you while chanting.
The stone arrow hits you!!
You die...

~♣♣♣..~~......~
♣.~......~~~~...♣~.
♣♣..≈≈≈≈≈(.~~~..$~♣
♣§.≈≈≈≈≈≈≈..~~~~~.♣
♣.≈≈≈≈≈≈≈≈.§~~~~.♣
♣≈≈≈≈≈≈≈≈w≈.~..!~♣.
♣.≈≈≈≈≈≈≈≈≈.§....i.
♣.≈≈ww≈≈≈≈†♣
♣.≈.@tD≈≈.♣♣
♣....DF.)♣♣
♣....i.~♣♣
♣♣♣~~~~~♣ ♣♣~~~~♣
♣...♣♣ ♣♣♣♣♣


You could see a seven-headed hydra (pursuing), an alligator (pursuing), a swamp
dragon (pursuing), 2 tyrant leeches, a spriggan druid, a goliath frog and a
swamp worm.

Vanquished Creatures
  Mlioglotl (Snake:1)
  Gastronok (D:8)
  Fannar (Lair:2)
  2 vault guards (D:14)
  3 boulder beetles
  An alligator (Swamp:1)
  2 anacondas (Snake:1)
  A centaur warrior (D:14)
  2 two-headed ogres
  A naga warrior (Snake:1)
  2 shock serpents (Snake:1)
  Amaemon (Lair:2)
  2 naga sharpshooters (Snake:1)
  Lodul (D:14)
  A spriggan druid (Swamp:1)
  2 bog bodies (Lair:2)
  A naga ritualist (Snake:1)
  Pikel (D:7)
  A necromancer (D:14)
  A wizard (D:14)
  A deep elf pyromancer (D:12)
  2 mana vipers (Snake:1)
  A salamander (Snake:1)
  A cyclops (D:14)
  A will-o-the-wisp (Swamp:1)
  2 manticores
  14 black mambas
  A torpor snail (Lair:1)
  3 naga magi (Snake:1)
  3 gargoyles (D:12)
  4 cane toads
  An orange demon (Lair:2)
  Psyche (D:12)
  An unseen horror (D:12)
  2 kobold demonologists (D:9)
  4 komodo dragons
  Grinder (D:6)
  3 meliai (D:13)
  5 trolls
  6 polar bears (Lair:1)
  3 blink frogs (Lair:2)
  A tarantella (shapeshifter) (D:11)
  Prince Ribbit (D:7)
  Sigmund (D:5)
  A vampire (D:9)
  Eustachio (D:6)
  4 wraiths
  A water elemental (D:14)
  3 shadows
  3 wyverns
  21 humans (D:14)
  58 yaks
  A steam dragon (D:9)
  11 vampire mosquitoes
  3 wargs (D:9)
  6 water moccasins
  2 acid dragons
  11 nagas
  An orc warrior (D:8)
  2 ice beasts
  8 ogres
  9 boggarts (D:14)
  2 black bears (D:6)
  2 centaurs
  A phantom (D:6)
  A lemure (D:7)
  3 kobold brigands
  2 gnoll sergeants
  7 bullfrogs
  7 scorpions
  42 killer bees
  4 electric eels
  2 howler monkeys (D:6)
  4 jellies
  7 orc priests
  2 hounds
  3 sleepcaps
  Jessica (D:2)
  Terence (D:3)
  An iguana (D:6)
  8 orc wizards
  11 adders
  8 gnolls
  A white imp (D:8)
  An ufetubus (D:7)
  3 worms
  2 dart slugs (D:1)
  25 orcs
  10 ball pythons
  4 endoplasms
  5 giant cockroaches
  4 goblins
  9 hobgoblins
  12 jackals
  16 kobolds
  3 quokkas
  2 bats (D:2)
  5 frilled lizards (D:1)
  3 rats
461 creatures vanquished.

Vanquished Creatures (collateral kills)
  A sea snake (Snake:1)
  A black mamba (Snake:1)
  An electric eel (Snake:1)
3 creatures vanquished.

Vanquished Creatures (others)
  A vampire mosquito (D:12)
1 creature vanquished.

Grand Total: 465 creatures vanquished

Notes
Turn   | Place    | Note
-------+----------+-------------------------------------------
     0 | D:1      | BroadwayShuffle the Minotaur Berserker began the quest for
                  | the Orb.
     0 | D:1      | Reached XP level 1. HP: 19/19 MP: 0/0
   156 | D:1      | Reached XP level 2. HP: 26/27 MP: 1/1
   352 | D:1      | Reached ** piety under Trog
   567 | D:1      | Reached XP level 3. HP: 33/33 MP: 2/2
   570 | D:1      | Found Cifies's Assorted Antiques.
   956 | D:2      | Noticed Jessica
   961 | D:2      | Killed Jessica
   962 | D:2      | Reached skill level 5 in Polearms
   962 | D:2      | Reached XP level 4. HP: 41/41 MP: 3/3
  1077 | D:2      | Found a sparkling altar of Nemelex Xobeh.
  1423 | D:3      | Found an ornate altar of the Wu Jian Council.
  1434 | D:3      | Identified the +3 spear "Iseaceq" {freeze, Str+3}
  1492 | D:3      | Reached skill level 3 in Armour
  1607 | D:3      | Found a glowing drain.
  1632 | Sewer    | Entered a sewer
  1676 | Sewer    | Noticed a water moccasin
  1679 | Sewer    | Killed a water moccasin
  1680 | Sewer    | Reached XP level 5. HP: 47/47 MP: 4/4
  1820 | D:3      | Found a faded altar of an unknown god.
  1851 | D:3      | Noticed Terence
  1854 | D:3      | Killed Terence
  1855 | D:3      | Reached XP level 6. HP: 55/55 MP: 5/5
  2183 | D:4      | Reached skill level 4 in Armour
  2242 | D:4      | Reached *** piety under Trog
  2243 | D:4      | Reached skill level 5 in Fighting
  2287 | D:4      | Found a bloodstained altar of Trog.
  2790 | D:5      | Entered Level 5 of the Dungeon
  2822 | D:5      | Reached XP level 7. HP: 61/61 MP: 6/6
  2834 | D:5      | Noticed Sigmund
  2848 | D:5      | Reached skill level 1 in Stealth
  2855 | D:5      | Killed Sigmund
  2856 | D:5      | Reached skill level 5 in Armour
  2856 | D:5      | Reached skill level 1 in Shields
  3346 | D:5      | Reached XP level 8. HP: 70/70 MP: 7/7
  4032 | D:6      | Reached skill level 6 in Armour
  4090 | D:6      | Found Ebbipim's Self-Published Books.
  4118 | D:6      | Noticed Eustachio
  4153 | D:6      | Killed Eustachio
  4293 | D:6      | Found a staircase to the Ecumenical Temple.
  4312 | D:6      | Noticed Grinder
  4312 | D:6      | Paralysed by Grinder for 4 turns
  4332 | D:6      | Killed Grinder
  4333 | D:6      | Reached skill level 7 in Armour
  4535 | D:6      | Reached skill level 5 in Dodging
  4535 | D:6      | Reached XP level 9. HP: 79/79 MP: 8/8
  4860 | D:7      | Found a white marble altar of Elyvilon.
  4861 | D:7      | Found a sparkling altar of Nemelex Xobeh.
  4940 | D:7      | Found a hide-covered altar of Uskayaw.
  4960 | D:7      | Noticed Pikel
  4973 | D:7      | Killed Pikel
  4974 | D:7      | Reached skill level 8 in Armour
  5122 | D:7      | Noticed Prince Ribbit
  5139 | D:7      | Killed Prince Ribbit
  5140 | D:7      | Reached skill level 10 in Polearms
  5501 | D:8      | Noticed Gastronok
  5523 | D:8      | Killed Gastronok
  5524 | D:8      | Reached skill level 5 in Shields
  5524 | D:8      | Reached XP level 10. HP: 71/88 MP: 9/9
  5627 | D:8      | Reached skill level 9 in Armour
  5645 | D:8      | Noticed a two-headed ogre
  5654 | D:8      | Killed a two-headed ogre
  5800 | D:8      | Reached **** piety under Trog
  6605 | D:9      | Noticed a manticore
  6618 | D:9      | Killed a manticore
  6865 | D:9      | Found a staircase to the Lair.
  6886 | D:9      | Reached skill level 10 in Armour
  7184 | D:9      | Noticed a smoke demon
  7197 | D:9      | Reached XP level 11. HP: 97/97 MP: 10/10
  7498 | Lair:1   | Entered Level 1 of the Lair of Beasts
  7538 | Lair:1   | Reached skill level 10 in Fighting
  8343 | Lair:1   | Reached skill level 11 in Armour
  8726 | Lair:1   | Noticed a boulder beetle
  8747 | Lair:1   | Killed a boulder beetle
  8905 | Lair:1   | Reached XP level 12. HP: 108/108 MP: 11/11
  8907 | Lair:1   | Reached skill level 12 in Armour
  9154 | Lair:2   | Noticed Fannar
  9237 | Lair:2   | Killed Fannar
  9288 | Lair:2   | HP: 5/110 [killer bee (2)]
  9288 | Lair:2   | HP: 2/110 [killer bee (3)]
  9295 | Lair:1   | HP: 2/110 [poisoned by a killer bee]
  9437 | D:10     | Entered Level 10 of the Dungeon
  9783 | D:10     | Found a glowing golden altar of the Shining One.
  9788 | D:10     | Found an opulent altar of Gozag.
 10350 | D:11     | Noticed a two-headed ogre
 10359 | D:11     | Killed a two-headed ogre
 10532 | D:11     | Reached skill level 13 in Armour
 11127 | D:12     | Found a staircase to the Orcish Mines.
 11536 | D:12     | Noticed Psyche
 11538 | D:12     | Killed Psyche
 11778 | D:12     | Reached skill level 14 in Armour
 12161 | D:13     | Found a hide-covered altar of Uskayaw.
 12826 | D:14     | Noticed a boulder beetle
 12832 | D:14     | Reached XP level 13. HP: 118/118 MP: 12/12
 13249 | D:14     | Noticed Lodul
 13262 | D:14     | Killed Lodul
 13655 | D:14     | Reached skill level 15 in Armour
 13815 | D:14     | Found a gate to the Vaults.
 13844 | D:14     | Reached skill level 15 in Polearms
 15693 | Lair:2   | Reached skill level 10 in Shields
 15792 | Lair:2   | Found a staircase to the Swamp.
 16011 | Lair:2   | Reached skill level 16 in Armour
 16222 | Lair:2   | Noticed Amaemon
 16235 | Lair:2   | Killed Amaemon
 16294 | Lair:2   | Found a staircase to the Snake Pit.
 16389 | Lair:2   | Identified the amulet "Nocicuq" {rC+ Regen+}
 16499 | Snake:1  | Entered Level 1 of the Snake Pit
 16650 | Snake:1  | Reached ***** piety under Trog
 16651 | Snake:1  | Reached XP level 14. HP: 129/129 MP: 13/13
 16728 | Snake:1  | Noticed Mlioglotl
 16889 | Snake:1  | Killed Mlioglotl
 17018 | Snake:1  | Reached skill level 17 in Armour
 18303 | Snake:1  | Found Puyv's Armour Shop.
 18338 | Snake:1  | Bought a +0 cloak for 67 gold pieces
 18338 | Snake:1  | Bought a +4 plate armour for 675 gold pieces
 18480 | Swamp:1  | Entered Level 1 of the Swamp
 18514 | Swamp:1  | HP: 3/133 [seven-headed hydra[a spriggan druid] (4)]
 18514 | Swamp:1  | Killed from afar by a spriggan druid

Illustrated notes

Levels and vault maps discovered:
D:1:      amcnicky_arrival_choice, layout_basic, serial_shops, shop,
          feat_on_display
D:2:      layout_basic, basic_altar, ebering_dispersal_statue_hall, uniq_jessica
D:3:      layout_basic, mainiacjoe_overflow_cross_hatched,
          gup_sewer_entry_glass, basic_ecumenical_altar, uniq_terence
D:4:      layout_basic, lightli_temple_of_fire, dk_noncrumbling_4
D:5:      layout_loops_ring, uniq_sigmund
D:6:      layout_basic, temple_hall, small_statue_intersection,
          nicolae_custom_books, minmay_manual_monstrance, uniq_grinder,
          uniq_eustachio
D:7:      layout_basic, gammafunk_temple_overflow_forgotten, uniq_pikel,
          uniq_prince_ribbit1
D:8:      layout_cave_pools, grunt_ministairs_6,
          hangedman_decor_clover_reticule, blue_anna_alchemist, uniq_gastronok
D:9:      layout_roguey, erik_lair_orcish_takeover, nicolae_figureground_pulse
D:10:     layout_big_octagon, nicolae_overflow_squiral
D:11:     layout_long_grid
D:12:     layout_basic, orc_0_dummy, uniq_psyche
D:13:     layout_basic, nicolae_two_hexagons, nicolae_uskayaw_en_pointe
D:14:     layout_basic, grunt_vaults_entry_tiered, uniq_lodul
Lair:1:   layout_regular_city, cheibrodos_lair_lostbears
Lair:2:   wad_woods_minihive, layout_misc_corridors, skrybe_swamp_entry_bodies,
          nicolae_snake_entry_squirm, uniq_amaemon, uniq_fannar
Swamp:1:  layout_basic_swamp, evilmike_swamp_ruin_rubble_1,
          infiniplex_staircase_pool
Snake:1:  layout_basic, serial_shops, shop, grunt_megastairs_5,
          serial_bayou_shore_a, uniq_mlioglotl

Skill      XL: |  1  2  3  4  5  6  7  8  9 10 11 12 13 14 |
---------------+-------------------------------------------+-----
Fighting       | 4 5 7 8 9 10 12 13 14 | 14.3
Polearms       | 4 5 6 7 8 9 10 12 13 14 15 16 | 16.0
Armour         | 3 4 5 7 8 10 11 14 16 17 | 17.5
Dodging        | 3 5 6 7 8 |  8.4
Stealth        | 1 2 |  2.4
Shields        | 1 3 5 6 8 9 10 | 10.9

Action                     |  1- 3 |  4- 6 |  7- 9 | 10-12 | 13-15 || total
---------------------------+-------+-------+-------+-------+-------++-------
  Melee: Spear             |    93 |   102 |   228 |   725 |   742 ||  1890
         Headbutt          |    11 |    12 |    40 |   158 |   170 ||   391
         Punch             |       |     1 |     2 |     9 |     5 ||    17
 Invoke: Berserk           |     1 |     5 |     6 |    26 |    18 ||    56
         Trog's Hand       |     1 |       |     4 |    11 |    13 ||    29
         Brothers in Arms  |       |       |       |       |     1 ||     1
    Use: Scroll            |       |     3 |     6 |     5 |     5 ||    19
         Potion            |       |       |       |     9 |     4 ||    13
 Armour: Animal skin       |     6 |       |       |       |       ||     6
         Scale mail        |    37 |    34 |    64 |    20 |       ||   155
         Plate armour      |       |       |       |   280 |   295 ||   575
  Dodge: Dodged            |    51 |    48 |    76 |   284 |   262 ||   721
  Block: Other             |       |    10 |    33 |   125 |    21 ||   189
         Reflection        |       |     2 |     1 |     2 |     1 ||     6
         Buckler           |       |       |       |       |    92 ||    92

Table legend: (Time is in decaauts)
 A = Elapsed time spent in this place.
 B = Non-inter-level travel time spent in this place.
 C = Inter-level travel time spent in this place.
 D = Time resting spent in this place.
 E = Time spent auto-exploring this place.
 F = Levels seen in this place.
 G = Mean time per level.
                   A        B        C        D        E       F      G
               +--------+--------+--------+--------+--------+-----+--------+
         Total |  18207 |   5763 |  12444 |   2830 |     11 |  19 |  958.3 |
       Dungeon |  13541 |   3290 |  10251 |   1487 |     11 |  14 |  967.2 |
          Lair |   2663 |   1515 |   1148 |    915 |      0 |   2 | 1331.5 |
         Swamp |     28 |     28 |      0 |      0 |      0 |   1 |   28.0 |
     Snake Pit |   1833 |    790 |   1043 |    427 |      0 |   1 | 1833.0 |
         Sewer |    140 |    140 |      0 |      0 |      0 |   1 |  140.0 |
               +--------+--------+--------+--------+--------+-----+--------+

Top non-repeatable levels by time:
 Snake:1: 1833 daAuts
  Lair:1: 1701 daAuts
     D:9: 1593 daAuts
    D:12: 1369 daAuts
     D:5: 1235 daAuts
    D:14: 1152 daAuts
    D:11: 1123 daAuts
     D:6: 1050 daAuts
  Lair:2: 962 daAuts
     D:7: 862 daAuts
    D:10: 847 daAuts
     D:4: 846 daAuts
    D:13: 778 daAuts
     D:1: 760 daAuts
     D:8: 713 daAuts
